AoeStats
← nathanm888

Black Forest

509524571Analyzed
2v2 RM · 4d ago on Sep 27, 2026· 78m 37s· 4 players
Game mode
Random Map
Map size
Medium (4 player)
Population
200
Speed
Normal
Resources
Standard
Victory
Conquest
Starting age
Dark Age
Ending age
Imperial Age
RankedLock teamsTeams togetherTeam positionsShared explorationLock speedFull tech treeHidden civsTurbo modeCheats
Victory
Defeat
🇮🇳 Portuguese · India
389
+15
🇲🇽 Romans · Mexico
347
+17
🇺🇸 Bohemians · United States
394
-17
🇺🇸 Inca · United States
336
-15
nathanm888
7:18 Loom
19:00 Feudal Age
19:39 Horse Collar
20:01 Double-Bit Axe
19:52 Champi Runner
22:20 Wheelbarrow
21:32 Town Watch
21:45 Gold Mining
21:46 Stone Mining
21:43 Arson
27:52 Forging
27:43 Scale Mail Armor
27:34 Fletching
27:45 Padded Archer Armor
30:09 Castle Age
32:17 Hand Cart
32:07 Heavy Plow
32:18 Bow Saw
32:43 Gold Shaft Mining
32:44 Stone Shaft Mining
31:36 Champi Warrior
32:17 Squires
32:26 Thumb Ring
31:42 Elite Skirmisher
33:50 Pikeman
33:53 Crossbowman
36:46 Treadmill Crane
37:27 Ballistics
37:00 Guard Tower
37:24 Masonry
40:22 Andean Sling
41:37 Caravan
41:42 Guard Tower
44:39 Imperial Age
46:07 Elite Kamayuk
47:10 Conscription
47:29 Crop Rotation
49:12 Chemistry
48:26 Redemption
48:36 Sanctity
48:16 Devotion
48:32 Block Printing
48:13 Herbal Medicine
48:53 Theocracy
48:39 Heresy
48:44 Illumination
49:49 Fabric Shields
51:55 Faith
51:55 Heresy
50:57 Capped Ram
52:34 Halberdier
52:35 Elite Champi Warrior
53:36 Sappers
54:43 Hoardings
57:20 Arbalester
57:29 Siege Ram
57:30 Onager
64:45 Keep
63:57 Arrowslits
68:42 Heavy Scorpion
mankey
14:26 Feudal Age
28:19 Castle Age
28:22 Wheelbarrow
29:26 Husbandry
30:30 Horse Collar
32:00 Hand Cart
37:58 Imperial Age
35:43 Heavy Plow
38:37 Caravan
39:38 Forging
39:29 Scale Mail Armor
39:35 Scale Barding Armor
39:57 Double-Bit Axe
40:57 Conscription
41:38 Cavalier
42:18 Loom
44:40 Chain Barding Armor
44:59 Iron Casting
49:08 Blast Furnace
48:24 Chain Mail Armor
49:14 Ballistics
49:55 Chemistry
50:44 Chemistry
49:54 Siege Engineers
51:01 Hussite Reforms
50:21 Elite Hussite Wagon
51:09 Wagenburg Tactics
51:21 Bow Saw
53:21 Two-Man Saw
52:50 Houfnice
66:47 Heavy Scorpion
aamerhussain.hr
0:29 Loom
13:57 Feudal Age
14:43 Town Watch
15:44 Horse Collar
16:09 Double-Bit Axe
28:07 Gold Mining
28:08 Stone Mining
37:38 Castle Age
39:14 Wheelbarrow
38:40 Town Patrol
41:35 Bow Saw
43:58 Imperial Age
43:48 Hand Cart
45:45 Caravan
46:15 Coinage
45:56 Guilds
48:39 Banking
49:59 Two-Man Saw
53:42 Elite Organ Gun
57:47 Chemistry
59:25 Husbandry
58:46 Cavalier
62:37 Bombard Tower
62:07 Heated Shot
62:28 Fortified Wall
62:29 Masonry
62:25 Siege Engineers
76:47 Scale Barding Armor
76:42 Scale Mail Armor
76:43 Padded Archer Armor
76:34 Fletching
76:55 Forging
79:04 Chain Barding Armor
79:00 Chain Mail Armor
79:01 Leather Archer Armor
79:10 Ballistics
78:41 Guard Tower
78:56 Siphons
78:47 Murder Holes
78:33 Treadmill Crane
79:24 Architecture
GutsyCosine1395
0:32 Loom
16:41 Feudal Age
20:43 Double-Bit Axe
22:53 Horse Collar
25:01 Wheelbarrow
26:55 Man-at-Arms
28:03 Stone Mining
28:11 Gold Mining
32:19 Castle Age
30:58 Fletching
31:18 Forging
31:13 Scale Mail Armor
31:48 Scale Barding Armor
33:36 Bodkin Arrow
33:57 Chain Mail Armor
34:22 Iron Casting
34:11 Chain Mail Armor
34:22 Pikeman
36:22 Heavy Plow
37:25 Gold Shaft Mining
37:40 Bow Saw
38:24 Coinage
37:47 Long Swordsman
39:03 Bodkin Arrow
40:14 Hand Cart
40:33 Squires
41:46 Murder Holes
46:30 Imperial Age
46:07 Chain Barding Armor
48:27 Fortified Wall
49:19 Chemistry
50:30 Blast Furnace
50:07 Plate Barding Armor
48:59 Halberdier
55:51 Banking
55:23 Caravan
55:34 Guilds
55:28 Elite Centurion
56:29 Comitatenses
58:15 Crop Rotation
64:40 Guard Tower
66:22 Legionary
Connection lost

Rejoining the realm…

Still unreachable

The connection could not be restored.

Session expired

The server has moved on; the page needs a fresh start.